 Dungeon Crawl Stone Soup version 0.31.0-11-ge490571c62 (webtiles) character file.

Game seed: 17198627626569343681

92 Esekla the Grasshopper (level 4, -1/23 HPs)
             Began as a Spriggan Warper on Feb 3, 2024.
             Slain by a river rat (8 damage)
             ... in a sewer.
             The game lasted 00:18:07 (2581 turns).

Esekla the Grasshopper (Spriggan Warper)            Turns: 2581, Time: 00:18:08

Health: -1/23      AC:  2    Str:  7    XL:     4   Next: 35%
Magic:  9/9        EV: 18    Int: 16    God:
Gold:   168        SH:  0    Dex: 14    Spells: 6/8 levels left

rFire   . . .        a - +0 dagger
rCold   . . .        (no shield)
rNeg    . . .        b - +0 robe
rPois   .            (helmet restricted)
rElec   .            (no cloak)
rCorr   .            (gloves unavailable)
SInv    +            (boots unavailable)
Will    .....        (no amulet)
Stlth   +            (no ring)
HPRegen 0.23/turn    (no ring)
MPRegen 0.11/turn

%: no passive effects
@: very quick
A: very small, no large weapons, unfitting armour, see invisible, speed 3
a: no special abilities


You were in a sewer.
You visited 1 branch of the dungeon, and saw 5 of its levels.
You also visited: Sewer.

You collected 168 gold pieces.

Inventory:

Hand Weapons
 a - a +0 dagger (weapon)
 q - a +0 trident
Missiles
 m - 4 boomerangs (quivered)
 p - 4 curare-tipped darts
Armour
 b - a +0 robe (worn)
Magical Staves
 h - a staff of cold
Scrolls
 c - a scroll of blinking
 e - a scroll of noise {unknown}
 f - 5 scrolls of identify {unknown}
 k - a scroll of enchant weapon {unknown}
 l - 3 scrolls of poison {unknown}
 o - 3 scrolls of amnesia {unknown}
 r - a scroll of fog {unknown}
Potions
 d - a potion of lignification {unknown}
 g - 2 potions of curing {unknown}
 i - a potion of heal wounds {unknown}
 j - a potion of might {unknown}
 n - 2 potions of attraction {unknown}
 s - a potion of haste {unknown}


   Skills:
 + Level 2.0 Fighting
 + Level 3.5 Short Blades
 + Level 1.0 Throwing
 + Level 4.4 Dodging
 + Level 0.5 Stealth
 + Level 2.7 Spellcasting
 + Level 4.8 Translocations


You had 6 spell levels left.
You knew the following spells:

 Your Spells              Type           Power      Damage    Failure   Level
b - Blink                 Tloc           34%        N/A       4%          2

Your spell library contained the following spells:

 Spells                   Type           Power      Damage    Failure   Level
 Lesser Beckoning         Tloc           34%        N/A       4%          2
 Gell's Gravitas          Tloc           17%        N/A       8%          3
 Teleport Other           Tloc           17%        N/A       8%          3
 Manifold Assault         Tloc           17%        N/A       26%         4
 Vhi's Electric Charge    Tloc/Air       20%        N/A       56%         4
 Dispersal                Tloc           8%         N/A       99%         6


Dungeon Overview and Level Annotations

Branches:
Dungeon (5/15)              Sewer (1/1)
 Temple: D:4-7

Altars:

Annotations:
D:2 Pargi, Robin
D:3 Ijyb, Terence


Innate Abilities, Weirdness & Mutations

You are very small and have problems with some larger weapons.
You are too small for most types of armour.
You have supernaturally acute eyesight. (SInv)
You cover ground extremely quickly. (Speed+++)


Message History

You throw a boomerang. The boomerang closely misses the rat.
Throw: 4 boomerangs
Press: ? - help, Q - select action, (/) - cycle Shift-Dir - straight line, f/p - rat
Aim: a rat (56% to hit)
You throw a boomerang. The boomerang barely misses the rat.
You hear a loud squeak.
A rat comes into view.
There is an empty arch of ancient stone here.
Throw: 4 boomerangs
Press: ? - help, Q - select action, (/) - cycle Shift-Dir - straight line, f/p - rat
Aim: a rat (56% to hit)
You throw a boomerang.
The boomerang hits the river rat but does no damage.
The river rat is heavily wounded.
You hit the river rat but do no damage.
The river rat is heavily wounded.
You completely miss the river rat.
The river rat is heavily wounded.
The river rat misses you.
You hit the river rat but do no damage.
The river rat is heavily wounded.
The river rat barely misses you.
You hit the river rat.
The river rat is almost dead.
The river rat bites you!
You completely miss the river rat.
The river rat is almost dead.
The river rat bites you.
You hit the river rat but do no damage.
The river rat is almost dead.
The river rat misses you.
You hit the river rat.
The river rat is almost dead.
You closely miss the river rat.
The river rat is almost dead.
The river rat bites you.
You closely miss the river rat.
The river rat is almost dead.
The river rat bites you!
You die...

.~~≈≈≈~~....†##
...≈≈~~~.....#
..~≈≈~~~....##
...~~~~.....##
...≈~~.......##
...≈~~......rr##
..~~~r......#rS#
...~≈......###r#
...≈≈.....r###@#
...≈~.~..r..####
#..~~~....r.##
#..~≈~~~...r.#
.~~~≈~~~..rr.##
..≈≈≈~~.......#
.~≈≈≈≈≈~..†...#
.r≈≈≈≈~.......#
..≈≈≈≈~~.....##


You could see an adder, 2 river rats and 2 rats.

Vanquished Creatures
  3 adders
  4 orcs
  3 bats
  5 endoplasms
  3 giant cockroaches
  13 goblins
  4 hobgoblins
  4 kobolds
  3 quokkas
  5 ball pythons
  5 frilled lizards
  5 rats
57 creatures vanquished.

Notes
Turn   | Place    | Note
-------+----------+-------------------------------------------
     0 | D:1      | Esekla the Spriggan Warper began the quest for the Orb.
     0 | D:1      | Reached XP level 1. HP: 10/10 MP: 5/5
   141 | D:1      | Reached XP level 2. HP: 14/15 MP: 6/6
   144 | D:1      | Learned a level 2 spell: Blink
   227 | D:1      | You fall into a shaft and drop 1 floor!
   591 | D:2      | Reached XP level 3. HP: 18/18 MP: 8/8
   646 | D:2      | Noticed Robin
  1248 | D:3      | Noticed Terence
  1374 | D:2      | Reached XP level 4. HP: 5/23 MP: 9/9
  1694 | D:3      | Noticed Pargi
  2155 | D:3      | Noticed Ijyb
  2268 | D:5      | Entered Level 5 of the Dungeon
  2402 | D:5      | Found a glowing drain.
  2411 | Sewer    | Entered a sewer
  2581 | Sewer    | Slain by a river rat

Illustrated notes

Levels and vault maps discovered:
D:1:      roderic_chinese_lattice_arrival, layout_rooms
D:2:      layout_basic, uniq_robin
D:3:      layout_basic, uniq_pargi, uniq_terence, uniq_ijyb
D:4:      minmay_wonky_spiral, layout_cave_pools, nicolae_figureground_pulse
D:5:      layout_rooms, kennysheep_mini_moat, portal_sewer_entry_d
Sewer:    sewer_minmay_treatment

Skill      XL: |  1  2  3  4 |
---------------+-------------+-----
Short Blades   | 3 |  3.5
Dodging        | 4 |  4.4
Fighting       | 2 |  2.0
Throwing       | |  1.0
Stealth        | |  0.5
Spellcasting   | |  2.7
Translocations | |  4.8

Action                     |  1- 3 |  4- 6 || total
---------------------------+-------+-------++-------
  Melee: Short sword       |    59 |       ||    59
         Dagger            |   155 |    94 ||   249
         Staff             |    20 |       ||    20
  Throw: Boomerang         |    11 |    31 ||    42
   Cast: Blink             |     3 |     9 ||    12
   Stab: Sleeping          |     2 |       ||     2
 Armour: Robe              |    73 |    25 ||    98
  Dodge: Dodged            |   191 |    88 ||   279
